 Dungeon Crawl Stone Soup version 0.31-a0-879-g1609e0ac53 (webtiles) character file.

Game seed: 1243181567649409466

119 Flugkiller the Trooper (level 5, 0/43 HPs)
             Began as a Formicid Berserker on Oct 14, 2023.
             Was a Believer of Trog.
             Slain by a hobgoblin (2 damage)
             ... on level 4 of the Dungeon.
             The game lasted 00:02:49 (2758 turns).

Flugkiller the Trooper (Formicid Berserker)         Turns: 2758, Time: 00:02:50

Health: 0/43       AC: 11    Str: 23    XL:     5   Next: 23%
Magic:  5/5        EV:  7    Int:  7    God:    Trog [**....]
Gold:   306        SH:  0    Dex: 13    Spells: 4/4 levels left

rFire   . . .        a - +0 hand axe
rCold   . . .        (no shield)
rNeg    . . .        k - +0 plate armour
rPois   .            (helmet unavailable)
rElec   .            (no cloak)
rCorr   .            (no gloves)
SInv    +            (no boots)
Will    ++...        (no amulet) Stlth
                     (no ring)
HPRegen 1.27/turn    (no ring)
MPRegen 0.09/turn

%: no passive effects
@: mighty, weakened, strong-willed, regenerating
A: permanent stasis, dig shafts and tunnels, antennae 3, four strong arms
a: Dig, Shaft Self, Renounce Religion, Trog's Hand


You were on level 4 of the Dungeon.
You worshipped Trog.
Trog was pleased with you.
You visited 1 branch of the dungeon, and saw 4 of its levels.

You collected 306 gold pieces.

Inventory:

Hand Weapons
 a - a +0 hand axe (weapon)
 j - the +1 whip "Utagoamp" {flame, Drain rN+ Dex+3}
   (You found it on level 2 of the Dungeon)

   Dex+3:     It affects your dexterity (+3).
   rN+:       It protects you from negative energy.
   Drain:     It drains your maximum health when unequipped.
Missiles
 c - a throwing net
 e - 6 curare-tipped darts
Armour
 b - a +0 animal skin
 k - a +0 plate armour (worn)
   (You found it on level 1 of the Dungeon)
Jewellery
 p - an amulet of the acrobat
   (You found it on level 4 of the Dungeon)
Wands
 m - a wand of polymorph (7)
   (You found it on level 4 of the Dungeon)
Scrolls
 f - a scroll of amnesia {unknown}
 l - a scroll of immolation
 o - a scroll of fog {unknown}
Potions
 h - a potion of haste
 i - 2 potions of brilliance
 n - a potion of mutation


   Skills:
 + Level 4.4 Fighting
 + Level 4.0 Axes
 + Level 3.5 Armour
 - Level 1.7 Dodging


You had 4 spell levels left.
You didn't know any spells.
Your spell library was empty.

Dungeon Overview and Level Annotations

Branches:
Dungeon (4/15) Zot: 21221
 Temple: D:4-7

Altars:
Fedhas
Zin


Innate Abilities, Weirdness & Mutations

You cannot be hasted, slowed, berserked, paralysed or teleported.
You can dig through walls and to a lower floor.
You have a pair of large antennae on your head. (SInv)
Your four strong arms can wield two-handed weapons with a shield.


Message History

A gnoll comes into view. It is wielding a +0 flail.
There is an open door here.
The gnoll shouts!
You hit the gnoll.
The gnoll is lightly wounded.
You hit the gnoll.
A gnoll bouda comes into view. It is wielding a +0 whip.
The gnoll hits you with a +0 spear. The gnoll hits you but does no damage.
You hit the gnoll but do no damage.
The gnoll is lightly wounded.
You barely miss the gnoll.
The gnoll is lightly wounded.
You slash the gnoll! The gnoll completely misses you.
The gnoll hits you with a +0 club.
You hit the gnoll.
The gnoll is severely wounded.
You closely miss the gnoll. The gnoll hits you but does no damage.
The gnoll hits you with a +0 club.
You barely miss the gnoll.
The gnoll is severely wounded.
You hit the gnoll.
The gnoll hits you but does no damage. x2
You hit the gnoll.
You kill the gnoll!
Trog accepts your kill.
You closely miss the gnoll. The gnoll hits you but does no damage.
The gnoll hits you with a +0 spear.
Your Axes skill increases to level 4!
You barely miss the gnoll.
The gnoll is moderately wounded.
You hit the gnoll. The gnoll barely misses you. x2
You hit the gnoll but do no damage.
The gnoll is heavily wounded.
You hit the gnoll but do no damage.
The gnoll bouda calls upon its god to heal the gnoll.
The gnoll's wounds heal themselves!
The gnoll hits you with a +0 spear. The gnoll completely misses you.
You hear a shout!
You closely miss the gnoll.
The gnoll is moderately wounded.
You hit the gnoll.
The gnoll bouda barks out a call to the hunt!
The gnolls pick up the pace!
The gnoll hits you but does no damage. x2
You barely miss the gnoll.
The gnoll is moderately wounded.
You closely miss the gnoll. The gnoll hits you but does no damage.
The gnoll completely misses you.
You barely miss the gnoll.
The gnoll is moderately wounded.
You closely miss the gnoll.
The gnoll bouda calls upon its god to heal the gnoll.
The gnoll's wounds heal themselves!
The gnoll hits you with a +0 spear. The gnoll hits you with a +0 flail.
A gnoll comes into view. It is wielding a +0 flail.
You barely miss the gnoll.
The gnoll is moderately wounded.
You hit the gnoll but do no damage.
The gnoll bouda gazes fiercely through you!
You feel your attacks grow feeble. The gnoll barely misses you.
You slash the gnoll!
The gnoll is severely wounded.
You hit the gnoll bouda. The gnoll hits you with a +0 spear.
You barely miss the gnoll.
The gnoll is severely wounded.
You hit the gnoll bouda.
The gnoll bouda hits you with a +0 whip!
The gnoll hits you but does no damage.
You feel very mighty all of a sudden.
Your attacks no longer feel as feeble.
The gnoll bouda hits you with a +0 whip.
The gnoll hits you with a +0 spear!
* * * LOW HITPOINT WARNING * * *
You closely miss the gnoll bouda.
The gnoll bouda is moderately wounded.
You hit the gnoll.
You kill the gnoll!
Trog accepts your kill.
The gnoll bouda hits you with a +0 whip!
* * * LOW HITPOINT WARNING * * *
Okay, then.
As you read the scroll labelled MENOSU UZXUPN, it crumbles to dust.
It is a scroll of identify.
h - a potion of mutation;
r - a scroll of identify The gnoll bouda hits you but does no damage.
Your skin crawls.
You feel strong-willed.
The gnoll bouda hits you but does no damage.
Unknown command.
Unknown command.
As you read the scroll of identify, it crumbles to dust.
n - a potion of haste;
h - a potion of haste;
n - a potion of mutation Unknown command.
The gnoll bouda gazes fiercely through you!
You feel your attacks grow feeble.
The gnoll bouda hits you with a +0 whip.
* * * LOW HITPOINT WARNING * * *
The hobgoblin barely misses you.
You begin to dig a shaft.
You continue digging a shaft.
The gnoll bouda closely misses you. The hobgoblin hits you.
You die...

.....#....#
.....#....#
.... #....# ...
#.###########
###.#..........
#...#.>........
#...#..........
#..ggg.........
#..{#@.....####
{ #...#......#
#...########
#..... +.....
###.g# #..#


You could see a gnoll bouda, a gnoll (swift) and a hobgoblin.

Vanquished Creatures
  5 gnolls
  2 adders
  2 dart slugs
  An orc (D:3)
  4 ball pythons
  3 endoplasms
  2 giant cockroaches
  4 goblins
  2 hobgoblins
  10 quokkas
  3 bats (D:3)
  A frilled lizard (D:2)
  3 kobolds
  6 rats
48 creatures vanquished.

Notes
Turn   | Place    | Note
-------+----------+-------------------------------------------
     0 | D:1      | Flugkiller the Formicid Berserker began the quest for the
                  | Orb.
     0 | D:1      | Reached XP level 1. HP: 18/18 MP: 1/1
   249 | D:1      | Reached XP level 2. HP: 24/24 MP: 2/2
   698 | D:2      | Found Aturphe's Weapon Shoppe.
   788 | D:2      | Found a blossoming altar of Fedhas.
   847 | D:2      | Identified the +1 whip "Utagoamp" {flame, Drain rN+ Dex+3}
   910 | D:2      | Reached XP level 3. HP: 30/30 MP: 3/3
  1531 | D:3      | Reached XP level 4. HP: 30/37 MP: 4/4
  1693 | D:3      | Reached ** piety under Trog
  2086 | D:3      | Identified the +1 scale mail of the Sun {rF- Regen+ Str+2}
  2134 | D:3      | Found a glowing silver altar of Zin.
  2622 | D:4      | Reached XP level 5. HP: 42/42 MP: 5/5
  2757 | D:4      | HP: 1/43 [gnoll bouda/+0 whip (6)]
  2758 | D:4      | Slain by a hobgoblin

Illustrated notes

Levels and vault maps discovered:
D:1:      ebering_trefoil_3fold, layout_loops_ring, st_stairs_13
D:2:      layout_rooms, serial_shops, nicolae_shop_tiny_real_fake_doors,
          basic_altar, hex_large, st_stairs_6, grunt_decor_arrowhead
D:3:      layout_loops_corners, zin_treasury, nicolae_grassy_gnolls
D:4:      layout_gridville, dreamdust_princess_corridor, uniq_edmund

Skill      XL: |  1  2  3  4  5 |
---------------+----------------+-----
Armour         | 3 |  3.5
Fighting       | 4 |  4.4
Axes           | 4 |  4.0
Dodging        | |  1.7

Action                     |  1- 3 |  4- 6 || total
---------------------------+-------+-------++-------
  Melee: Hand axe          |    72 |    79 ||   151
         Punch             |     2 |       ||     2
 Invoke: Trog's Hand       |       |     1 ||     1
Ability: Dig               |       |     1 ||     1
         Shaft Self        |       |     1 ||     1
    Use: Potion            |     2 |     1 ||     3
         Scroll            |       |     4 ||     4
 Armour: Plate armour      |    54 |    83 ||   137
         Animal skin       |     4 |       ||     4
  Dodge: Dodged            |    23 |    35 ||    58

Table legend: (Time is in decaauts)
 A = Elapsed time spent in this place.
 B = Non-inter-level travel time spent in this place.
 C = Inter-level travel time spent in this place.
 D = Time resting spent in this place.
 E = Time spent auto-exploring this place.
 F = Levels seen in this place.
 G = Mean time per level.
                   A        B        C        D        E       F      G
               +--------+--------+--------+--------+--------+-----+--------+
         Total |   2777 |   2603 |    174 |    165 |   1956 |   4 |  694.2 |
       Dungeon |   2777 |   2603 |    174 |    165 |   1956 |   4 |  694.2 |
               +--------+--------+--------+--------+--------+-----+--------+

Top non-repeatable levels by time:
     D:3: 1026 daAuts
     D:1: 675 daAuts
     D:2: 654 daAuts
     D:4: 421 daAuts
